 Dungeon Sprint DCSS version 0.31-a0-626-g8143ab4f1d (webtiles) character file.

Game seed: 8052099759490326404

7 rocky1 the Ducker (level 2, -1/23 HPs)
             Began as a Djinni Gladiator on Aug 25, 2023.
             Killed from afar by a white imp (7 damage)
             ... with a puff of frost
             ... in the Dungeon (Sprint IX: "|||||||||||||||||||||||||||||").
             The game lasted 00:00:07 (147 turns).

rocky1 the Ducker (Djinni Gladiator)                 Turns: 147, Time: 00:00:08

Health: -1/23      AC:  4    Str: 13    XL:     2   Next: 5%
Gold:   0          EV: 13    Int:  9    God:
                   SH:  0    Dex: 14

rFire   + + .        a - +0 long sword
rCold   x . .        (no shield)
rNeg    . . .        b - +0 leather armour
rPois   ∞            c - +0 helmet
rElec   .            (no cloak)
rCorr   .            (no gloves)
SInv    .            (boots unavailable)
Will    .....        (no amulet)
Stlth   +            (no ring)
HPRegen 0.23/turn    (no ring)
MPRegen 0.00/turn

%: no teleportation, infuse magic (-2 HP)
@: flying
A: sickness immunity, fire resistance 2, cold vulnerability 1, float, innate
caster, HP casting, extra vitality 1
a: no special abilities


You were in the Dungeon.
You visited 1 branch

Inventory:

Hand Weapons
 a - a +0 long sword (weapon)
Missiles
 d - 3 throwing nets (quivered)
 e - a javelin
Armour
 b - a +0 leather armour (worn)
 c - a +0 helmet (worn)
Scrolls
 j - a scroll of blinking
Potions
 f - a potion of curing
 g - a potion of heal wounds
 h - a potion of haste
 i - a potion of berserk rage


   Skills:
 + Level 2.3 Fighting
 + Level 3.4 Long Blades
 + Level 1.8 Throwing
 + Level 0.1 Armour
 + Level 4.1 Dodging You didn't know any spells. Your spell library was empty.

Dungeon Overview and Level Annotations

Branches:
Dungeon (1/1)

Altars:


Innate Abilities, Weirdness & Mutations

You are immune to sickness and miasma.
You are immune to poison.
Your flesh is very heat resistant. (rF++)
You are vulnerable to cold. (rC-)
You float through the air rather than walking.
You learn spells naturally, not from books.
Your magical power is your life essence.
You have superior vitality. (+4 MHP)


Message History

Things that are here:
a quokka corpse; a hobgoblin corpse You start resting.
HP restored.
You start waiting.
Done waiting.
As you open the door, it creaks loudly!
An orc, an adder, 2 hounds and a white imp come into view.
The jackal barks!
The hound barks!
You slash the white imp!
The white imp is heavily wounded.
The white imp closely misses you. The white imp gestures at you.
The puff of frost misses you.
You closely miss the white imp.
The white imp is heavily wounded.
The white imp hits you. The white imp freezes you.
You feel a terrible chill!
You hit the white imp.
The white imp is almost dead.
The white imp closely misses you.
You hit the white imp but do no damage.
The white imp is almost dead.
The white imp gestures at you. The puff of frost hits you.
You feel a terrible chill!
You closely miss the white imp.
The white imp is almost dead.
The white imp hits you. The white imp freezes you.
You feel a terrible chill!
The orc suddenly curses.
The white imp spits at you. The white imp closely misses you.
You barely miss the white imp.
The white imp is almost dead.
The white imp gestures at you. The puff of frost hits you.
You feel a terrible chill!
* * * LOW HITPOINT WARNING * * *
You barely miss the white imp.
The white imp is almost dead.
The white imp gestures at you. The puff of frost hits you!
You feel a terrible chill!
You die... ▓▓▓▓▓▓▓▓▓▓▓▓▓▓▓▓▓▓ +.oShh5@....†...<▓ ▓▓▓▓▓▓▓▓▓▓▓▓▓▓▓▓▓▓

You could see a hound, an adder, a white imp, an orc and a jackal.

Vanquished Creatures
  A ball python (D)
  An endoplasm (D)
  2 hobgoblins (D)
  A quokka (D)
5 creatures vanquished.

Notes
Turn   | Place    | Note
-------+----------+-------------------------------------------
     0 | D        | rocky1 the Djinni Gladiator began the quest for the Orb.
     0 | D        | Reached XP level 1. HP: 18/18 MP: 0/0
    14 | D        | Reached skill level 4 in Dodging
    19 | D        | Reached XP level 2. HP: 19/23 MP: 0/0
   147 | D        | Killed from afar by a white imp

Illustrated notes

Levels and vault maps discovered:
D:        linesprint [early_d, line_temple, items_1, d_10, items_2, lair_1,
          lair_end, items_3, orc_1, orc_end, items_4, d_15, swamp_1, shoals_1,
          snake_1, spider_1, d_20, vaults_1, items_5, swamp_end, shoals_end,
          snake_end, spider_end, vaults_end, d_27, items_6, zot_1, zot_end,
          crypt_end, forest_end, elf_end, slime_end, tomb_end, abyss_end,
          pan_hell_end]

Skill      XL: |  1 |
---------------+----+-----
Long Blades    | 3 |  3.4
Dodging        | 4 |  4.1
Fighting       | |  2.3
Throwing       | |  1.8
Armour         | |  0.1

Action                     || total
---------------------------++-------
  Melee: Long sword        ||    22
 Armour: Leather armour    ||     2
  Dodge: Dodged            ||    14

Table legend: (Time is in decaauts)
 A = Elapsed time spent in this place.
 B = Non-inter-level travel time spent in this place.
 C = Inter-level travel time spent in this place.
 D = Time resting spent in this place.
 E = Time spent auto-exploring this place.
 F = Levels seen in this place.
 G = Mean time per level.
                   A        B        C        D        E       F      G
               +--------+--------+--------+--------+--------+-----+--------+
         Total |    152 |    152 |      0 |    115 |      0 |   1 |  152.0 |
       Dungeon |    152 |    152 |      0 |    115 |      0 |   1 |  152.0 |
               +--------+--------+--------+--------+--------+-----+--------+

Top non-repeatable levels by time:
       D: 152 daAuts
